 Dungeon Crawl Stone Soup version 0.29-a0-334-gb41bcbb86e (webtiles) character file.

Game seed: 9237133340752202678

71 Morbidden the Skirmisher (level 4, -2/35 HPs)
             Began as a Demonspawn Fighter on Apr 14, 2022.
             Was a Follower of Yredelemnul.
             Slain by a gnoll
             ... wielding a +0 spear
              (3 damage)
             ... on level 2 of the Dungeon.
             The game lasted 00:01:13 (1319 turns).

Morbidden the Skirmisher (Demonspawn Fighter)       Turns: 1319, Time: 00:01:13

Health: -2/35      AC:  6    Str: 17    XL:     4   Next: 5%
Magic:  4/4        EV:  5    Int: 11    God:    Yredelemnul [*.....]
Gold:   42         SH: 12    Dex: 12    Spells: 3/3 levels left

rFire   . . .      SeeInvis .   a - +0 war axe
rCold   . . .      Faith    .   m - +0 tower shield
rNeg    . . .      Spirit   .   b - +0 scale mail
rPois   .          Reflect  .   (no helmet)
rElec   .          Harm     .   (no cloak)
rCorr   .          Rampage  .   (no gloves)
Will    +....                   (no boots)
Stlth   ..........              (no amulet)
HPRegen 0.11/turn               e - ring of willpower
MPRegen 0.09/turn               (no ring)

@: lethally poisoned (-2 -> -6)
A: powered by pain 1
a: Renounce Religion, Recall Undead Harvest


You were on level 2 of the Dungeon.
You worshipped Yredelemnul.
Yredelemnul was noncommittal.
You visited 1 branch of the dungeon, and saw 2 of its levels.

You collected 42 gold pieces.

Inventory:

Hand Weapons
 a - a +0 war axe (weapon)
Missiles
 i - 11 boomerangs (quivered)
Armour
 b - a +0 scale mail (worn)
 m - a +0 tower shield (worn)
Jewellery
 e - a ring of willpower (left hand)
Scrolls
 f - 3 scrolls of identify {unknown}
 g - 2 scrolls of teleportation {unknown}
 j - a scroll of enchant weapon {unknown}
Potions
 c - a potion of attraction {unknown}
 d - a potion of might
 h - a potion of mutation {unknown}
 k - a potion of cancellation {unknown}
 l - a potion of heal wounds {unknown}


   Skills:
 + Level 3.3 Fighting
 + Level 2.9 Axes
 + Level 3.1 Armour
 + Level 0.3 Dodging
 + Level 3.0 Shields


You had 3 spell levels left.
You didn't know any spells.
Your spell library was empty.

Dungeon Overview and Level Annotations

Branches:
Dungeon (2/15)

Altars:
Yredelemnul


Innate Abilities, Weirdness & Mutations

You sometimes gain a little power by taking damage.


Message History

Your gnoll zombie barely misses the gnoll.
The hobgoblin hits you but does no damage.
The gnoll hits you but does no damage. The adder bites your gnoll zombie.
The gnoll hits you from afar with a +0 spear.
You hit the gnoll but do no damage.
The gnoll is severely wounded.
You completely miss the hobgoblin.
Your gnoll zombie hits the gnoll.
The adder bites your gnoll zombie. You block the gnoll's attack. x2
You block the hobgoblin's attack.
The adder completely misses your gnoll zombie.
Your gnoll zombie hits the gnoll.
You slash the gnoll!
You kill the gnoll!
You hit the hobgoblin.
You kill the hobgoblin!
A black mist starts to gather...
The gnoll barely misses you.
Your gnoll zombie barely misses the adder.
The adder bites you but does no damage. The gnoll barely misses you.
You have reached level 4!
You feel stronger.
Unknown command.
You closely miss the adder. The adder bites you but does no damage.
You block the gnoll's attack.
Your gnoll zombie closely misses the adder.
The adder bites you.
* * * LOW HITPOINT WARNING * * *
You are poisoned.
The adder poisons you! You block the gnoll's attack.
Your gnoll zombie barely misses the adder.
You hit the adder.
The adder is moderately wounded.
You feel sick. You block the adder's attack.
The adder bites you but does no damage.
The gnoll hits you from afar with a +0 spear!
* * * LOW HITPOINT WARNING * * *
Your gnoll zombie barely misses the adder.
Your gnoll zombie hits the adder.
You block the adder's attack.
The gnoll hits you from afar with a +0 spear.
You die...
Your body rises from the dead as a mindless zombie.

..... #Z######..##. #...
#.######..##.
###...######Z....###.##.
.........Z..............
.................###.##.
###..#Z#####....# #.##.
# #Z#######+####....
#ZZ..# .. ...... #@##.#
##.####..#.
#..ZS................
+....Z.g.####.........
##.##....# #.####.#..
... #.#..# #<.##. ###
.....# #..#.. #.....
.......# #.#..##
..##..#.# #. #..#.#


You could see a gnoll (ally target), an adder (ally target), a friendly bat
zombie, a friendly ball python zombie, a friendly adder zombie, a friendly
jackal zombie and 2 friendly gnoll zombies.

Vanquished Creatures
  3 gnolls (D:2)
  2 dart slugs (D:1)
  3 ball pythons
  6 bats
  3 endoplasms
  A giant cockroach (D:1)
  4 goblins
  5 hobgoblins
  3 jackals (D:1)
  A frilled lizard (D:2)
  2 kobolds
  2 rats
35 creatures vanquished.

Vanquished Creatures (others)
  A bat zombie (D:2)
1 creature vanquished.

Grand Total: 36 creatures vanquished

Notes
Turn   | Place    | Note
-------+----------+-------------------------------------------
     0 | D:1      | Morbidden the Demonspawn Fighter began the quest for the
                  | Orb.
     0 | D:1      | Reached XP level 1. HP: 18/18 MP: 1/1
   298 | D:1      | Gained mutation: You sometimes gain a little power by
                  | taking damage. [demonic ancestry]
   298 | D:1      | Reached XP level 2. HP: 24/24 MP: 2/2
   784 | D:1      | Reached XP level 3. HP: 29/29 MP: 3/3
  1185 | D:2      | Noticed a golden eye
  1188 | D:2      | Found a faded altar of an unknown god.
  1191 | D:2      | Noticed an eye of devastation
  1196 | D:2      | Noticed a golden eye
  1242 | D:2      | Noticed an eye of devastation
  1247 | D:2      | Prayed at the altar of an unknown god.
  1247 | D:2      | Became a worshipper of Yredelemnul the Dark
  1247 | D:2      | Reached * piety under Yredelemnul
  1318 | D:2      | Reached XP level 4. HP: 12/35 MP: 4/4
  1319 | D:2      | HP: 1/35 [gnoll/+0 spear (8)]
  1319 | D:2      | Slain by a gnoll

Illustrated notes

Levels and vault maps discovered:
D:1:      nzn_arrival_depleted_hourglass, layout_basic
D:2:      layout_basic, hellmonk_ecumenical_altar_watching_god

Skill      XL: |  1  2  3 |
---------------+----------+-----
Armour         | 3 |  3.1
Axes           | 2 |  2.9
Shields        | 3 |  3.0
Fighting       | |  3.3
Dodging        | |  0.3

Action                   |  1- 3 |  4- 6 || total
-------------------------+-------+-------++-------
Melee: War axe           |    80 |     2 ||    82
Throw: Boomerang         |     1 |       ||     1
Armor: Scale mail        |    48 |     2 ||    50
Dodge: Dodged            |    42 |       ||    42
Block: Buckler           |    20 |       ||    20
       Tower shield      |    36 |     4 ||    40

Table legend: (Time is in decaauts)
 A = Elapsed time spent in this place.
 B = Non-inter-level travel time spent in this place.
 C = Inter-level travel time spent in this place.
 D = Time resting spent in this place.
 E = Time spent auto-exploring this place.
 F = Levels seen in this place.
 G = Mean time per level.
                   A        B        C        D        E       F      G
               +--------+--------+--------+--------+--------+-----+--------+
         Total |   1363 |   1338 |     25 |      0 |   1033 |   2 |  681.5 |
       Dungeon |   1363 |   1338 |     25 |      0 |   1033 |   2 |  681.5 |
               +--------+--------+--------+--------+--------+-----+--------+

Top non-repeatable levels by time:
     D:1: 1199 daAuts
     D:2: 164 daAuts
